 Dungeon Crawl Stone Soup version 0.30-a0-782-ge64f9170bb (webtiles) character file.

Game seed: 3514170179368451766

4 mopl the Sneak (level 1, 0/14 HPs)
             Began as an Octopode Brigand on Mar 1, 2023.
             Slain by a gnoll
             ... wielding a +0 spear
              (3 damage)
             ... on level 1 of the Dungeon.
             The game lasted 00:00:19 (302 turns).

mopl the Sneak (Octopode Brigand)                    Turns: 302, Time: 00:00:19

Health: 0/14       AC:  1    Str: 10    XL:     1   Next: 70%
Magic:  1/1        EV: 12    Int: 13    God:
Gold:   37         SH:  0    Dex: 13    Spells: 0/0 levels left

rFire   . . .      SeeInvis .    a - +2 dagger
rCold   . . .      Faith    .    (no shield)
rNeg    . . .      Spirit   .    (helmet restricted)
rPois   .          Reflect  .    (no amulet)
rElec   .          Harm     .    (no ring)
rCorr   .          Rampage  .    (no ring)
Will    .....                    (no ring)
Stlth   ++++                     (no ring)
HPRegen 0.22/turn                (no ring)
MPRegen 0.07/turn                (no ring)
                                 (no ring)
                                 (no ring)

@: no status effects
A: almost no armour, amphibious, 8 rings, camouflage 1, gelatinous body 1,
(nimble swimmer 1), tentacles
a: no special abilities


You were on level 1 of the Dungeon.
You visited 1 branch of the dungeon, and saw 1 of its levels.

You collected 37 gold pieces.

Inventory:

Hand Weapons
 a - a +2 dagger (weapon)
Missiles
 b - 9 poisoned darts (quivered)
 c - 3 curare-tipped darts
Scrolls
 d - 2 scrolls of identify {unknown}
 e - a scroll of blinking {unknown}


   Skills:
 - Level 2.0 Fighting
 + Level 2.1 Short Blades
 + Level 2.1 Throwing
 - Level 1.0 Dodging
 + Level 5.4 Stealth


You couldn't memorise any spells.
You didn't know any spells.
Your spell library was empty.

Dungeon Overview and Level Annotations

Branches:
Dungeon (1/15)

Altars:


Innate Abilities, Weirdness & Mutations

You cannot wear most types of armour.
You are amphibious.
You can wear up to eight rings at the same time.
Your skin changes colour to match your surroundings (Stealth+).
Your rubbery body absorbs attacks. (AC +1, EV +1)
((You are camouflaged when in or above water. (Stealth+)))
You have tentacles for arms and can constrict up to eight enemies at once.


Message History

No target in view!
No target in view!
No target in view!
No target in view!
d - 2 scrolls labelled NOX UPTOULI (gained 1)
Found a falchion.
You see here a +0 falchion.
A ball python comes into view.
The helpless ball python fails to defend itself.
You impale the ball python!!
You kill the ball python!
You see here a ball python corpse.
A frilled lizard comes into view.
Found 9 gold pieces.
A gnoll comes into view. It is wielding a +0 spear.
The gnoll shouts!
You closely miss the frilled lizard.
The frilled lizard hisses angrily.
Your grab misses the frilled lizard.
You squeeze the frilled lizard, but do no damage.
The frilled lizard barely misses you.
You closely miss the frilled lizard. You grab the frilled lizard.
You constrict the frilled lizard. The frilled lizard bites you.
The gnoll hits you from afar with a +0 spear.
You are too injured to fight recklessly!
There are monsters nearby!
You release your grip on the frilled lizard.
A hobgoblin comes into view.
The gnoll misses you. The frilled lizard bites you.
You barely miss the gnoll.
The hobgoblin shouts!
You grab the gnoll.
You constrict the gnoll, but do no damage.
The frilled lizard bites you.
* * * LOW HITPOINT WARNING * * *
The gnoll barely misses you.
You hit the gnoll. You squeeze the gnoll.
The gnoll is heavily wounded.
You constrict the gnoll. The gnoll hits you with a +0 spear.
You die...

..# ..# ..#.# #.#$#
#g#.# #.#.# #g#.#
######### .######@#.#
#.......#
......l...####.####.##
................# #.#
.........#####..# #.#
.######.## #..# #.#
#.# #..# #.# ..# #..#
#.# ############..#
#.# #..#.............#
#.#


You could see a gnoll, a hobgoblin and a frilled lizard.

Vanquished Creatures
  A bat (D:1)
  A giant cockroach (D:1)
  A ball python (D:1)
  A frilled lizard (D:1)
  A rat (D:1)
5 creatures vanquished.

Notes
Turn   | Place    | Note
-------+----------+-------------------------------------------
     0 | D:1      | mopl the Octopode Brigand began the quest for the Orb.
     0 | D:1      | Reached XP level 1. HP: 14/14 MP: 1/1
   302 | D:1      | Slain by a gnoll

Illustrated notes

Levels and vault maps discovered:
D:1:      dpeg_arrival_long_road, layout_basic

Action                     || total
---------------------------++-------
  Melee: Dagger            ||     9
         Constrict         ||     2
         Tentacles         ||     2
   Stab: Sleeping          ||     5
  Dodge: Dodged            ||     3

Table legend: (Time is in decaauts)
 A = Elapsed time spent in this place.
 B = Non-inter-level travel time spent in this place.
 C = Inter-level travel time spent in this place.
 D = Time resting spent in this place.
 E = Time spent auto-exploring this place.
 F = Levels seen in this place.
 G = Mean time per level.
                   A        B        C        D        E       F      G
               +--------+--------+--------+--------+--------+-----+--------+
         Total |    301 |    301 |      0 |      0 |    255 |   1 |  301.0 |
       Dungeon |    301 |    301 |      0 |      0 |    255 |   1 |  301.0 |
               +--------+--------+--------+--------+--------+-----+--------+

Top non-repeatable levels by time:
     D:1: 301 daAuts
